 Dungeon Crawl Stone Soup version 0.16.1-30-g34a7ffa (webtiles) character file.

6551 Yawgmoth the Fighter (level 10, -20/93 HPs)
             Began as a Minotaur Berserker on June 14, 2015.
             Was a High Priest of Trog.
             Killed from afar by Yawgmoth's ghost (24 damage)
             ... with a stone arrow
             ... on level 10 of the Dungeon.
             The game lasted 01:08:16 (9817 turns).

Yawgmoth the Fighter (Minotaur Berserker)           Turns: 9817, Time: 01:08:16

Health: -20/93     AC: 11    Str: 24    XL:     10   Next: 70%
Magic:  15/15      EV: 15    Int:  6    God:    Trog [*****.]
Gold:   435        SH:  0    Dex: 12    Spells: 0 memorised, 9 levels left

rFire  . . .     SeeInvis .     O - +7 falchion of Hell's Wrath {elec, +Blink rN+ Int+3 Dex+2}
rCold  . . .     Clarity  .     k - +1 ring mail
rNeg   + . .     SustAb   +     (no shield)
rPois  .         Gourm    .     (helmet restricted)
rElec  +         Spirit   .     (no cloak)
rCorr  .         Warding  .     (no gloves)
rMut   .         Stasis   .     (no boots)
MR     +++..                    (no amulet)
Stlth  +.........               Q - ring of invisibility
                                M - ring of sustain abilities (curse)

@: exhausted, regenerating, slowed, very slow, extremely resistant to hostile
enchantments, very unstealthy
A: retaliatory headbutt, horns 2, iridescent scales 1, slimy green scales 1,
deformed body, dopey 1, magic resistance 1, electricity resistance
a: Burn Spellbooks, Berserk, Trog's Hand, Brothers in Arms, Renounce Religion,
Evoke Blink, Evoke Invisibility


You were on level 10 of the Dungeon.
You worshipped Trog.
Trog was extremely pleased with you.
You were very hungry.

You visited 1 branch of the dungeon, and saw 10 of its levels.

You collected 435 gold pieces.

Inventory:

Hand weapons
 f - a +4 bardiche of chopping
 s - a +3 hunting sling
 O - the +7 falchion of Hell's Wrath (weapon) {elec, +Blink rN+ Int+3 Dex+2}
   (You found it on level 5 of the Dungeon)

   Occasionally, upon striking a foe, it will discharge some electrical energy
   and cause terrible harm.
   It affects your intelligence (+3).
   It affects your dexterity (+2).
   It protects you from negative energy.
   It lets you blink.
Missiles
 j - 19 bolts of frost
 u - 249 stones (quivered)
 v - 61 sling bullets
 w - 52 bolts
 z - 7 silver javelins
 B - 22 sling bullets of frost
 G - 102 arrows
 J - 26 poisoned needles
 N - 11 poisoned arrows
Armour
 k - a +1 ring mail (worn)
Jewellery
 M - a cursed ring of sustain abilities (left hand)
 Q - a ring of invisibility (right hand)
Magical devices
 e - a wand of invisibility (3)
 g - a wand of heal wounds (5)
 P - a wand of teleportation (5)
 U - a wand of digging (9)
 Z - a wand of heal wounds (2)
Scrolls
 b - 4 scrolls of recharging {unknown}
 d - 8 scrolls of identify
 h - a scroll of immolation {unknown}
 m - a scroll of enchant weapon {unknown}
 o - 4 scrolls of remove curse
 p - 4 scrolls of teleportation
 r - a scroll of fear {unknown}
 t - 2 scrolls of amnesia {unknown}
 x - 2 scrolls of random uselessness {unknown}
 y - 2 scrolls of enchant armour
 D - a scroll of noise {unknown}
 F - 2 scrolls of fog {unknown}
 H - a scroll of magic mapping {unknown}
 Y - a scroll of holy word {unknown}
Potions
 a - a potion of curing
 n - a potion of magic
 E - 2 potions of poison {unknown}
 R - a potion of invisibility {unknown}
 V - a potion of brilliance
Books
 C - a Necronomicon {highlevel, unknown}

   This book is beyond your current level of understanding.

   Spells                             Type                      Level
   a - Haunt                          Necromancy/Summoning         7
   b - Borgnjor's Revivification      Necromancy                   8
   c - Death's Door                   Charms/Necromancy            8
   d - Necromutation                  Transmutation/Necromancy     8
   Trog disapproves of the use of such an item.
 S - a Necronomicon {highlevel, unknown}

   This book is beyond your current level of understanding.

   Spells                             Type                      Level
   a - Haunt                          Necromancy/Summoning         7
   b - Borgnjor's Revivification      Necromancy                   8
   c - Death's Door                   Charms/Necromancy            8
   d - Necromutation                  Transmutation/Necromancy     8
   Trog disapproves of the use of such an item.
Comestibles
 c - 2 bread rations
 i - 7 royal jellies
 l - a chunk of flesh
 q - 2 meat rations
 A - 2 beef jerkies
 W - 5 fruits


   Skills:
 + Level 9.8 Fighting
 + Level 8.0 Long Blades
 - Level 5.3 Polearms
 + Level 9.3 Armour
 + Level 8.2 Dodging
 + Level 6.6 Evocations


You had 9 spell levels left.
You didn't know any spells.

Dungeon Overview and Level Annotations

Branches:
Dungeon (10/15)            Temple (0/1) D:4
   Lair: D:8-11         Orc: D:9-12

Altars:
Ashenzari
Dithmenos
Elyvilon
Kikubaaqudgha
Nemelex Xobeh
Qazlal
Sif Muna
Trog
Vehumet
Xom
The Shining One

Annotations:
D:10 Yawgmoth's ghost, powerful GrEE


Innate Abilities, Weirdness & Mutations

You reflexively headbutt those who attack you in melee.
You have a pair of horns on your head.
You are partially covered in iridescent scales (AC +4).
You are partially covered in slimy green scales (AC +2).
Armour fits poorly on your strangely shaped body.
You are dopey. (Int -2)
You are resistant to hostile enchantments.
You are resistant to electric shocks.


Message History

You miss Yawgmoth's ghost.
Yawgmoth's ghost is almost destroyed.
Yawgmoth's ghost closely misses you.
You slash Yawgmoth's ghost!
Yawgmoth's ghost is almost destroyed.
Yawgmoth's ghost hits you but does no damage.
Yawgmoth's ghost hits you.
* * * LOW HITPOINT WARNING * * *
Drink which item? (? for menu, Esc to quit)
Okay, then.
Unknown command.
You hit Yawgmoth's ghost.
You headbutt Yawgmoth's ghost, but do no damage.
Yawgmoth's ghost is almost destroyed.
Yawgmoth's ghost hits you but does no damage.
You closely miss Yawgmoth's ghost.
Yawgmoth's ghost is almost destroyed.
Yawgmoth's ghost casts a spell at you. The stone arrow hits you!
You die...

............# ............# #.#
............# ##..# .........#..#
#..# ...###......# ##..# ..##
#####..###..# . .##
##..#...####... .##
##...........# . ..#
##.....@W.....# ...## ...####
##...#.........## .....#
...)..###...##..........# .....#
...........###..#####...##.......
..........###....# .... ......
.......#..##.....## #..# ###..
....####.......#..## #.. ##..
...## #.......###..## #.## #...
...####.##...## ##..###..#####...


You could see Yawgmoth's ghost.

Vanquished Creatures
  A cyclops (D:9)
  A troll (D:10)
  A slime creature (D:6)
  2 wyverns
  A hungry ghost (D:10)
  Menkaure (D:6)
  An orc warrior (D:6)
  A hippogriff (D:7)
  A phantom (D:9)
  6 sky beasts
  4 ogres
  2 necrophages
  3 centaurs (D:7)
  3 big kobolds
  Sigmund (D:7)
  6 giant frogs
  A wyvern zombie (D:8)
  23 killer bees
  A scorpion (D:7)
  4 wights
  A goliath beetle (D:10)
  A giant frog zombie (D:9)
  A wasp zombie (D:10)
  3 crimson imps
  3 hounds
  A centaur skeleton (D:5)
  6 orc priests
  5 jellies (D:6)
  5 iguanas
  Natasha (D:5)
  5 worker ants
  4 orc wizards
  Ijyb (D:3)
  12 adders
  8 gnolls
  2 giant mites
  2 worms (D:3)
  A shadow imp (D:8)
  An adder skeleton (D:6)
  4 giant geckos
  16 oozes
  20 orcs
  12 bats
  A bat zombie (D:5)
  5 giant cockroaches
  8 hobgoblins
  5 jackals
  46 kobolds
  6 quokkas
  2 ball pythons
  A giant gecko zombie (D:5)
  3 giant newts
  A giant spore (D:9)
  15 goblins
  A quokka skeleton (D:9)
  A quokka zombie (D:5)
  10 rats
  A ballistomycete (D:9)
285 creatures vanquished.

Vanquished Creatures (collateral kills)
  A queen bee (D:8)
  A black bear (D:7)
  A centaur (D:9)
  A worker ant (D:9)
4 creatures vanquished.

Vanquished Creatures (others)
  A two-headed ogre (D:8)
  An ogre (D:9)
  2 fungi (D:6)
4 creatures vanquished.

Grand Total: 293 creatures vanquished

Notes
Turn   | Place    | Note
--------------------------------------------------------------
     0 | D:1      | Yawgmoth, the Minotaur Berserker, began the quest for the Orb.
     0 | D:1      | Reached XP level 1. HP: 19/19 MP: 1/1
   780 | D:1      | Reached XP level 2. HP: 24/27 MP: 1/1
   918 | D:2      | Reached skill level 4 in Fighting
  1019 | D:2      | Found a shattered altar of Ashenzari.
  1177 | D:2      | Reached XP level 3. HP: 24/33 MP: 2/2
  1301 | D:2      | Acquired Trog's second power
  1525 | D:2      | Reached XP level 4. HP: 30/40 MP: 2/2
  1882 | D:3      | Reached XP level 5. HP: 41/47 MP: 2/2
  1941 | D:3      | Noticed Ijyb
  1975 | D:3      | Killed Ijyb
  2278 | D:3      | Reached skill level 5 in Fighting
  2527 | D:3      | Found a radiant altar of Vehumet.
  2528 | D:3      | Found a shadowy altar of Dithmenos.
  2528 | D:3      | Found a glowing golden altar of the Shining One.
  2529 | D:3      | Found a shattered altar of Ashenzari.
  2530 | D:3      | Found a sparkling altar of Nemelex Xobeh.
  2533 | D:3      | Found a shimmering altar of Xom.
  2697 | D:3      | Reached skill level 5 in Polearms
  3162 | D:4      | Found a staircase to the Ecumenical Temple.
  3268 | D:4      | Reached XP level 6. HP: 56/56 MP: 3/3
  3631 | D:5      | Entered Level 5 of the Dungeon
  3712 | D:5      | Got a polished falchion
  3714 | D:5      | Identified the +7 falchion of Hell's Wrath {elec, +Blink rN+ Int+3 Dex+2} (You found it on level 5 of the Dungeon)
  3777 | D:5      | Found a deep blue altar of Sif Muna.
  4155 | D:5      | Noticed Natasha
  4171 | D:5      | Killed Natasha
  4171 | D:5      | Reached skill level 1 in Long Blades
  4174 | D:5      | Acquired Trog's third power
  4319 | D:5      | Found a stormy altar of Qazlal.
  4381 | D:5      | Reached skill level 1 in Evocations
  4381 | D:5      | Reached XP level 7. HP: 52/62 MP: 3/4
  4385 | D:5      | Gained mutation: You are dopey. (Int -2) [mutagenic meat]
  4517 | D:6      | Reached skill level 5 in Armour
  4541 | D:6      | Found a glowing golden altar of the Shining One.
  4570 | D:6      | Reached skill level 6 in Fighting
  4666 | D:6      | Found an ancient bone altar of Kikubaaqudgha.
  4796 | D:6      | Noticed Menkaure
  4808 | D:6      | HP: 3/63 [iguana (9)]
  4914 | D:6      | Killed Menkaure
  5038 | D:6      | Reached skill level 5 in Dodging
  5044 | D:6      | Gained mutation: Your spells are a little harder to cast, but a little more powerful. [mutagenic meat]
  5069 | D:6      | Found a white marble altar of Elyvilon.
  5079 | D:6      | Reached XP level 8. HP: 63/71 MP: 5/6
  5258 | D:6      | Noticed a slime creature
  5272 | D:6      | Killed a slime creature
  5407 | D:6      | Reached skill level 7 in Fighting
  5839 | D:7      | Reached skill level 5 in Long Blades
  5909 | D:7      | Reached XP level 9. HP: 68/79 MP: 10/10
  5913 | D:7      | Gained mutation: Armour fits poorly on your strangely shaped body. [mutagenic meat]
  5914 | D:7      | Lost mutation: Your spells are a little harder to cast, but a little more powerful. [mutagenic meat]
  6019 | D:7      | Gained mutation: You are partially covered in slimy green scales (AC +2). [potion of beneficial mutation]
  6282 | D:7      | Noticed Sigmund
  6302 | D:7      | Killed Sigmund
  6302 | D:7      | Received a gift from Trog
  6468 | D:7      | Reached skill level 8 in Fighting
  7246 | D:8      | Reached skill level 5 in Evocations
  7402 | D:8      | Reached XP level 10. HP: 28/90 MP: 13/13
  7416 | D:8      | Received a gift from Trog
  7429 | D:8      | Reached skill level 9 in Fighting
  9058 | D:9      | Noticed a cyclops
  9074 | D:9      | Killed a cyclops
  9199 | D:9      | Gained mutation: You are partially covered in iridescent scales (AC +4). [mutagenic meat]
  9200 | D:9      | Gained mutation: You are resistant to hostile enchantments. [mutagenic meat]
  9201 | D:9      | Gained mutation: You are resistant to electric shocks. [mutagenic meat]
  9205 | D:9      | Found a bloodstained altar of Trog.
  9264 | D:10     | Entered Level 10 of the Dungeon
  9794 | D:10     | Noticed Yawgmoth's ghost (powerful GrEE)
  9813 | D:10     | HP: 4/93 [Yawgmoth's ghost/stone arrow (30)]
  9815 | D:10     | HP: 1/93 [Yawgmoth's ghost (6)]
  9817 | D:10     | Killed from afar by Yawgmoth's ghost

Action                   |  1- 3 |  4- 6 |  7- 9 | 10-12 || total
-------------------------+-------+-------+-------+-------++-------
Melee: Spear             |    84 |   167 |       |       ||   251
       Falchion          |       |    38 |   248 |    85 ||   371
       Trident           |       |     4 |       |       ||     4
       Bardiche          |       |       |       |    59 ||    59
Throw: Stone             |       |       |       |     1 ||     1
Invok: Berserk           |     1 |       |     7 |     7 ||    15
       Trog's Hand       |       |     1 |     4 |     1 ||     6
       Brothers in Arms  |       |       |     2 |     1 ||     3
 Abil: Evoke Blink       |       |       |     1 |       ||     1
  Use: Scroll            |       |     2 |     1 |     1 ||     4
       Potion            |       |       |    17 |     2 ||    19
  Eat: Chunk             |     2 |    10 |    13 |     7 ||    32
       Bread ration      |       |       |     1 |     2 ||     3
       Meat ration       |       |       |     1 |       ||     1
       Royal jelly       |       |       |       |     1 ||     1
       Pizza             |       |       |       |     1 ||     1
